 Dungeon Crawl Stone Soup version 0.30-a0-341-g682706514a (webtiles) character file.

Game seed: 12852465633771507331

158 Shayle the Cudgeller (level 5, -3/48 HPs)
             Began as a Naga Reaver on Nov 1, 2022.
             Shot with an arrow by a centaur (8 damage)
             ... on level 4 of the Dungeon.
             The game lasted 00:09:20 (4132 turns).

Shayle the Cudgeller (Naga Reaver)                  Turns: 4132, Time: 00:09:20

Health: -3/48      AC:  3    Str: 12 (14) XL:     5   Next: 40%
Magic:  17/17      EV:  9    Int: 14 (16) God:
Gold:   212        SH:  0    Dex:  8 (9)  Spells: 1/8 levels left

rFire   . . .      SeeInvis +    i - +0 spear (venom)
rCold   . . .      Faith    .    (no shield)
rNeg    . . .      Spirit   .    b - +0 leather armour
rPois   +          Reflect  .    (no helmet)
rElec   .          Harm     .    (no cloak)
rCorr   .          Rampage  .    (no gloves)
Will    .....                    (no barding)
Stlth   ++........               (no amulet)
HPRegen 0.28/turn                j - ring of magical power
MPRegen 0.15/turn                (no ring)

@: very slow
A: AC +1, large, see invisible, deformed body, poison resistance, slowness 2,
spit poison 1, naga tail 1
a: Spit Poison


You were on level 4 of the Dungeon.
You visited 1 branch of the dungeon, and saw 4 of its levels.

You collected 212 gold pieces.

Inventory:

Hand Weapons
 a - a +0 mace
 f - a +2 dagger of freezing
 i - a +0 spear of venom (weapon)
 m - the +6 mace of the Enchanting Bear {drain, *Corrode rF+ rN+++ Dex+4}
   (You found it on level 2 of the Dungeon)

   A truly terrible weapon, it drains the life of any living foe it strikes.
   Dex:       It affects your dexterity (+4).
   rF:        It protects you from fire.
   rN:        It renders you almost immune to negative energy.
   *Corrode:  It may corrode you when you take damage.
 n - a +1 vorpal mace
Armour
 b - a +0 leather armour (worn)
Magical Staves
 p - a staff of conjuration
Jewellery
 j - a ring of magical power (left hand)
Wands
 e - a wand of roots (19)
Scrolls
 c - a scroll of noise {unknown}
 d - a scroll of fear
 g - 2 scrolls of butterflies
 h - 2 scrolls of amnesia {unknown}
 k - 2 scrolls of identify
 o - a scroll of poison {unknown}
Potions
 l - a potion of might


   Skills:
 + Level 2.9 Fighting
 + Level 3.6 Maces & Flails
 + Level 2.5 Dodging
 + Level 3.4 Stealth
 + Level 2.3 Spellcasting
 + Level 3.1 Conjurations
 + Level 1.0 Fire Magic


You had one spell level left.
You knew the following spells:

 Your Spells              Type           Power      Damage    Failure   Level
a - Kiss of Death         Conj/Necr      20%        2d7       16%         1
b - Foxfire               Conj/Fire      28%        2x1d5     13%         1
c - Fireball              Conj/Fire      3%         3d4       98%         5

Your spell library contained the following spells:

 Spells                   Type           Power      Damage    Failure   Level
 Momentum Strike          Conj/Tloc      10%        3d8       24%         2
 Hailstorm                Conj/Ice       5%         3d4       43%         3
 Starburst                Conj/Fire      3%         6d3       100%        6


Dungeon Overview and Level Annotations

Branches:
Dungeon (4/15)
 Temple: D:4-7

Altars:

Shops:
D:1 =   D:2 [


Innate Abilities, Weirdness & Mutations

Your serpentine skin is tough. (AC +1)
You have supernaturally acute eyesight. (SInv)
Armour fits poorly on your strangely shaped body.
Your system is resistant to poisons. (rPois)
You cover ground very slowly.
You can spit poison.
You have a snake-like lower body.


Message History

The goblin hits you but does no damage.
You barely miss the goblin.
You feel sick. The goblin closely misses you.
You closely miss the goblin.
You feel sick. The goblin barely misses you.
The goblin hits you with a +0 dagger of venom.
You are more poisoned.
You closely miss the goblin.
You feel very sick. The goblin hits you but does no damage.
You closely miss the goblin.
You feel sick. The goblin hits you but does no damage.
You closely miss the goblin. You punch the goblin.
The goblin is severely wounded.
You feel sick. The goblin closely misses you.
You barely miss the goblin.
The goblin is severely wounded.
You feel sick.
The goblin hits you with a +0 dagger of venom.
You are more poisoned.
You hit the goblin.
You kill the goblin!
You feel very sick.
You feel very sick.
You see here a +0 dagger of venom.
You start resting.
You feel sick. x6
You are no longer poisoned.
HP restored.
You see here a staff of conjuration.
k - 2 scrolls of identify (gained 1)
A centaur comes into view.
Okay, then.
You see here a staff of conjuration.
p - a staff of conjuration The centaur shouts!
The centaur wields a +0 shortbow.
The centaur shoots an arrow.
The arrow hits you!
The centaur shoots an arrow.
The arrow hits you!
The centaur shoots an arrow.
The arrow hits you!
The centaur shoots an arrow.
The arrow hits you!
* * * LOW HITPOINT WARNING * * *
The centaur shoots an arrow.
The arrow hits you!
You die...

...........##[....#.........#
..........##..............###
......<.#..#..............###
..........................#.##
.............÷c.........##...####
...........#..#>.##.....#.......#
...........##.#..#...........>..#
...÷.....................#.#...##
................@###....####...##
........................####....#
....................###.##.......
##.........)†.......###.....#....
.....#..........#......###.##
..........###..........# ###
...........##.....#....#
.................#..8..#
.......................#


You could see a centaur.

Vanquished Creatures
  5 adders
  3 worms
  5 dart slugs
  3 orcs (D:3)
  7 endoplasms
  6 giant cockroaches
  6 goblins
  7 hobgoblins
  8 jackals (D:1)
  10 kobolds
  7 quokkas
  10 ball pythons
  2 bats
  A frilled lizard (D:2)
  7 rats
87 creatures vanquished.

Vanquished Creatures (others)
  5 plants (D:2)
5 creatures vanquished.

Grand Total: 92 creatures vanquished

Notes
Turn   | Place    | Note
-------+----------+-------------------------------------------
     0 | D:1      | Shayle the Naga Reaver began the quest for the Orb.
     0 | D:1      | Reached XP level 1. HP: 19/19 MP: 3/3
    79 | D:1      | Reached skill level 1 in Stealth
    79 | D:1      | Reached XP level 2. HP: 4/20 MP: 5/5
   174 | D:1      | Found Mamaetro's One-of-a-Kind Rings.
   632 | D:1      | Reached XP level 3. HP: 22/30 MP: 6/6
  1231 | D:2      | Learned a level 1 spell: Foxfire
  1524 | D:2      | Reached XP level 4. HP: 17/40 MP: 7/7
  1871 | D:2      | Found Cyshar's Armour Shop.
  2098 | D:2      | Identified the +6 mace of the Enchanting Bear {drain,
                  | *Corrode rF+ rN+++ Dex+4}
  2836 | D:3      | Reached XP level 5. HP: 48/48 MP: 8/8
  3326 | D:3      | Learned a level 5 spell: Fireball
  3826 | D:4      | Reached skill level 1 in Fire Magic
  4114 | D:4      | Noticed a centaur
  4132 | D:4      | Shot with an arrow by a centaur

Illustrated notes

Levels and vault maps discovered:
D:1:      lemuel_arrival_rhombus, layout_basic, minivault_24,
          nicolae_shop_unique_rings
D:2:      layout_loops_ring, serial_forest, infiniplex_forest_clump_cross,
          infiniplex_forest_straight_3, infiniplex_forest_end_3,
          infiniplex_forest_end_1, infiniplex_forest_lined_corner, serial_shops,
          nicolae_shop_crystal, st_stairs_7, minmay_quadrilaterals
D:3:      layout_loops_ring
D:4:      layout_cave_pools, serial_column_ruins, column_ruins_hut_ruined,
          column_ruins_grid_1, column_ruins_columns_straight,
          column_ruins_open_tiny

Skill      XL: |  1  2  3  4  5 |
---------------+----------------+-----
Stealth        | 1 2 3 |  3.4
Dodging        | 2 |  2.5
Fire Magic     | 1 |  1.0
Fighting       | |  2.9
Maces & Flails | |  3.6
Spellcasting   | |  2.3
Conjurations   | |  3.1

Action                   |  1- 3 |  4- 6 || total
-------------------------+-------+-------++-------
Melee: Mace              |    34 |    23 ||    57
       Dagger            |   114 |    81 ||   195
       Punch             |     2 |     2 ||     4
       Spear             |       |    44 ||    44
 Cast: Kiss of Death     |     2 |       ||     2
 Abil: Spit Poison       |    11 |    22 ||    33
  Use: Potion            |     1 |     4 ||     5
       Scroll            |       |     4 ||     4
 Stab: Sleeping          |     2 |       ||     2
Armor: Leather armour    |    32 |    39 ||    71
Dodge: Dodged            |    78 |    90 ||   168

Table legend: (Time is in decaauts)
 A = Elapsed time spent in this place.
 B = Non-inter-level travel time spent in this place.
 C = Inter-level travel time spent in this place.
 D = Time resting spent in this place.
 E = Time spent auto-exploring this place.
 F = Levels seen in this place.
 G = Mean time per level.
                   A        B        C        D        E       F      G
               +--------+--------+--------+--------+--------+-----+--------+
         Total |   5065 |   4920 |    145 |    637 |   3155 |   4 | 1266.2 |
       Dungeon |   5065 |   4920 |    145 |    637 |   3155 |   4 | 1266.2 |
               +--------+--------+--------+--------+--------+-----+--------+

Top non-repeatable levels by time:
     D:2: 1566 daAuts
     D:3: 1488 daAuts
     D:1: 1477 daAuts
     D:4: 532 daAuts
